 Dungeon Crawl Stone Soup version 0.31-a0-795-g5eb97db20b (webtiles) character file.

Game seed: 4443451973191420419

529 Babbit the Chiller (level 7, -3/52 HPs)
             Began as a Purple Draconian Ice Elementalist on Sept 18, 2023.
             Was an Initiate of Sif Muna.
             Slain by an ice beast (9 damage)
             ... on level 5 of the Dungeon.
             The game lasted 00:23:07 (4551 turns).

Babbit the Chiller (DrIE)                           Turns: 4551, Time: 00:23:08

Health: -3/52      AC: 17    Str: 10    XL:     7   Next: 3%
Magic:  15/15      EV: 12    Int: 17    God:    Sif Muna [......]
Gold:   139        SH:  0    Dex: 12    Spells: 16/17 levels left

rFire   . . .        e - +2 short sword (protect)
rCold   . . .        (no shield)
rNeg    . . .        (body armour unavailable)
rPois   .            (helmet restricted)
rElec   .            (no cloak)
rCorr   .            k - +1 pair of gloves
SInv    .            g - +1 pair of boots
Will    +....        (no amulet)
Stlth   ++           i - ring of wizardry
HPRegen 0.28/turn    (no ring)
MPRegen 0.14/turn

%: wizardry (x1)
@: under a protective aura
A: breathe power, AC +6, unfitting armour, cold-blooded
a: Breathe Dispelling Energy, Renounce Religion


You were on level 5 of the Dungeon.
You worshipped Sif Muna.
Sif Muna was noncommittal.
You visited 1 branch of the dungeon, and saw 5 of its levels.

You collected 139 gold pieces.

Inventory:

Hand Weapons
 e - a +2 short sword of protection (weapon)
Armour
 g - a +1 pair of boots (worn)
 k - a +1 pair of gloves (worn)
Jewellery
 h - an amulet of guardian spirit
 i - a ring of wizardry (left hand)
Scrolls
 j - a scroll of torment {unknown}
 l - a scroll of fear
 m - a scroll of poison {unknown}
 n - a scroll of acquirement {unknown}
 p - a scroll of blinking {unknown}
Potions
 a - a potion of magic
 b - 2 potions of curing
 c - a potion of berserk rage {unknown}
 d - a potion of brilliance {unknown}
 f - 2 potions of heal wounds
 o - a potion of enlightenment
 q - a potion of lignification {unknown}
 r - a potion of mutation {unknown}


   Skills:
 + Level 1.3 Fighting
 + Level 0.2 Short Blades
 + Level 2.6 Dodging
 + Level 2.2 Stealth
 + Level 5.9 Spellcasting
 + Level 6.0 Ice Magic


You had 16 spell levels left.
You knew the following spells:

 Your Spells              Type           Power      Damage    Failure   Level
a - Freeze                Ice            100%       1d10      1%          1

Your spell library contained the following spells:

 Spells                   Type           Power      Damage    Failure   Level
 Frozen Ramparts          Ice            50%        1d8       1%          3
 Ozocubu's Armour         Ice            25%        N/A       1%          3
 Necrotise                Necr           20%        1d5       5%          1
 Sting                    Tmut/Pois      20%        1d4       5%          1
 Jinxbite                 Hex            10%        N/A       9%          2
 Poisonous Vapours        Pois/Air       10%        N/A       9%          2
 Sigil of Binding         Hex            5%         N/A       16%         3
 Vampiric Draining        Necr           5%         2d6       16%         3
 Summon Ice Beast         Ice/Summ       15%        N/A       16%         4
 Metabolic Englaciation   Hex/Ice        7%         N/A       38%         5
 Olgreb's Toxic Radiance  Pois           5%         N/A       45%         4
 Agony                    Necr           5%         N/A       78%         5
 Lee's Rapid Deconstruct  Erth           2%         3d5*      78%         5
 Simulacrum               Ice/Necr       7%         N/A       89%         6
 Shatter                  Erth           2%         3d6*      100%        9


Dungeon Overview and Level Annotations

Branches:
Dungeon (5/15)
 Temple: D:4-7

Altars:
Sif Muna
Trog

Shops:
D:1 *   D:3 (


Innate Abilities, Weirdness & Mutations

You can breathe bolts of dispelling energy.
Your rich purple scales are hard. (AC +6)
You cannot fit into any form of body armour.
You are cold-blooded and may be slowed by cold attacks.


Message History

The ice beast barely misses you.
Aiming: Freeze (safe; 1% risk of failure)
Press: ? - help, Q - select action, (/) - cycle Shift-Dir - straight line, f/p - ice beast
Aim: an ice beast (lightly wounded)
You freeze the ice beast but do no damage.
The ice beast completely resists.
The ice beast hits you. The ice beast freezes you!
You hit the ice beast.
Your tail-slap misses the ice beast.
The ice beast is lightly wounded.
The ice beast hits you but does no damage.
You hit the ice beast.
The ice beast is moderately wounded.
The ice beast hits you but does no damage.
You hit the ice beast.
The ice beast is heavily wounded.
The ice beast hits you but does no damage.
You closely miss the ice beast.
You tail-slap the ice beast, but do no damage.
The ice beast is heavily wounded.
You hit the ice beast. You tail-slap the ice beast.
The ice beast is heavily wounded.
The ice beast closely misses you.
You hit the ice beast.
The ice beast is heavily wounded.
The ice beast hits you. The ice beast freezes you!
You feel yourself slow down.
* * * LOW HITPOINT WARNING * * *
You barely miss the ice beast.
The ice beast is heavily wounded.
The ice beast closely misses you.
The ice beast hits you but does no damage.
You hit the ice beast.
The ice beast is severely wounded.
You feel yourself speed up. The ice beast barely misses you.
You hit the ice beast.
The ice beast is severely wounded.
The ice beast hits you.
* * * LOW HITPOINT WARNING * * *
The ice beast freezes you!
You die...

#.#.#
#....c###
...#.#
#.....#
#.##.#.###
#.....# #
#.#...##
..###..# ##
##.######
#......#
#......##
#..@....#
#..Y....#
#..........
#.......###
#.........
#..........
#.......#..
#######.#.#


You could see an ice beast.

Vanquished Creatures
  A centaur (D:5)
  2 scorpions
  A hound (D:5)
  An orc priest (D:4)
  An iguana (D:4)
  8 gnolls
  6 adders
  3 worms
  4 dart slugs
  9 orcs
  4 ball pythons
  5 endoplasms
  4 giant cockroaches
  6 hobgoblins
  6 jackals
  5 quokkas
  5 bats
  2 frilled lizards (D:1)
  7 goblins
  10 kobolds
  3 rats
93 creatures vanquished.

Notes
Turn   | Place    | Note
-------+----------+-------------------------------------------
     0 | D:1      | Babbit the Draconian Ice Elementalist began the quest for
                  | the Orb.
     0 | D:1      | Reached XP level 1. HP: 14/14 MP: 3/3
   228 | D:1      | Reached XP level 2. HP: 20/20 MP: 1/5
   714 | D:1      | Reached XP level 3. HP: 19/26 MP: 0/6
   970 | D:1      | Found Kemutohy's Assorted Antiques.
  1415 | D:2      | Reached XP level 4. HP: 32/33 MP: 4/8
  2261 | D:3      | Reached skill level 5 in Ice Magic
  2311 | D:3      | Reached XP level 5. HP: 17/38 MP: 3/10
  2621 | D:3      | Found Borex Fakk's Weapon Emporium.
  3106 | D:4      | Found a bloodstained altar of Trog.
  3521 | D:4      | Got an unusual book
  3665 | D:4      | Reached XP level 6. HP: 30/45 MP: 7/12
  3801 | D:4      | Reached skill level 1 in Fighting
  4306 | D:4      | Found a shimmering blue altar of Sif Muna.
  4313 | D:4      | Became a worshipper of Sif Muna the Loreminder
  4367 | D:5      | Entered Level 5 of the Dungeon
  4449 | D:5      | Reached skill level 6 in Ice Magic
  4449 | D:5      | Your scales start taking on a rich purple colour.
  4449 | D:5      | Reached skill level 5 in Spellcasting
  4449 | D:5      | Reached XP level 7. HP: 50/52 MP: 8/15
  4551 | D:5      | Slain by an ice beast

Illustrated notes

Levels and vault maps discovered:
D:1:      lemuel_arrival_broad_hall, layout_loops_ring, serial_shops,
          nicolae_shop_tiny_glass
D:2:      layout_basic
D:3:      layout_loops_ring, serial_shops, shop, kennysheep_another_room
D:4:      layout_basic, lightli_temple_of_fire, nicolae_sif_muna_little_library
D:5:      layout_basic

Skill      XL: |  1  2  3  4  5  6 |
---------------+-------------------+-----
Stealth        | 2 |  2.2
Dodging        | 2 |  2.6
Spellcasting   | 3 4 5 |  5.9
Ice Magic      | 5 6 |  6.0
Fighting       | 1 |  1.3
Short Blades   | |  0.2

Action                     |  1- 3 |  4- 6 |  7- 9 || total
---------------------------+-------+-------+-------++-------
  Melee: Unarmed           |     2 |       |       ||     2
         Short sword       |     8 |    40 |    18 ||    66
         Tailslap          |       |    10 |     3 ||    13
   Cast: Freeze            |    68 |   103 |     2 ||   173
Ability: Breathe Dispellin |       |       |     1 ||     1
    Use: Scroll            |       |     8 |       ||     8
 Armour: Skin              |    24 |    78 |    13 ||   115
  Dodge: Dodged            |    34 |    62 |     8 ||   104

Table legend: (Time is in decaauts)
 A = Elapsed time spent in this place.
 B = Non-inter-level travel time spent in this place.
 C = Inter-level travel time spent in this place.
 D = Time resting spent in this place.
 E = Time spent auto-exploring this place.
 F = Levels seen in this place.
 G = Mean time per level.
                   A        B        C        D        E       F      G
               +--------+--------+--------+--------+--------+-----+--------+
         Total |   4551 |   4439 |    112 |    944 |   2654 |   5 |  910.2 |
       Dungeon |   4551 |   4439 |    112 |    944 |   2654 |   5 |  910.2 |
               +--------+--------+--------+--------+--------+-----+--------+

Top non-repeatable levels by time:
     D:4: 1380 daAuts
     D:1: 1010 daAuts
     D:3: 1009 daAuts
     D:2: 966 daAuts
     D:5: 185 daAuts
